Map: Ruins of Seras

Players

Miszu

  • Race: Terran Terran
  • League: Master

TcUltimate - Winner!

  • Race: Protoss Protoss
  • League: Master

VOD

Have the link to the VOD?

Description

Time

  • Played on: Feb. 2, 2016, 6:29 p.m.
  • Length: 7:46
Show
View Real Time Build Order
Export as new Build Order

Miszu Terran 

Build Orders: Liberator Opening 

Get SALT Encoding   

  12  0:01  SCV  
  13  0:13  SCV  
  14  0:18  Supply Depot  
  14  0:25  SCV  
  15  0:39  SCV  
  15  0:41  Barracks  
  16  0:44  Refinery  
  16  0:51  SCV  
  17  1:04  SCV  
  18  1:15  Refinery  
  18  1:16  SCV  
  19  1:28  Orbital Command  
  19  1:29  Barracks Reactor  
  19  1:38  Supply Depot  
  19  1:51  Factory  
  20  1:54  SCV  
  20  2:06  Marine x2, SCV  
  23  2:18  SCV  
  24  2:24  Marine x2  
  26  2:30  SCV  
  26  2:35  Hellion  
  29  2:37  Starport  
  29  2:42  Supply Depot, SCV  
  30  2:49  Marine  
  31  2:55  Supply Depot  
  31  3:04  Hellion  
  31  3:05  Marine  
  34  3:07  Marine  
  34  3:09  SCV  
  36  3:13  Medivac  
  36  3:19  Supply Depot  
  38  3:21  SCV  
  38  3:24  Marine  
  38  3:26  Liberator  
  40  3:27  Hellion  
  41  3:37  SCV  
  45  3:57  Factory Tech Lab  
  45  4:01  Command Center  
  45  4:08  SCV  
  46  4:15  Siege Tank  
  46  4:16  Marine x2  
  51  4:21  Liberator  
  50  4:36  Marine x2  
  51  4:39  SCV  
  44  4:54  Marine  
  44  4:56  Marine, SCV  
  44  4:59  Siege Tank  
  50  5:03  Barracks, Liberator  
  48  5:10  SCV  
  48  5:12  Marine  
  48  5:13  Marine  
  54  5:22  SCV  
  55  5:30  Marine, Orbital Command  
  55  5:34  SCV  
  57  5:42  Marine  
  56  5:46  Orbital Command  
  56  5:47  Marine  
  48  6:00  SCV  
  48  6:01  Marine  
  48  6:02  Siege Tank  
  53  6:12  SCV  
  53  6:16  Marine  
  53  6:18  Barracks Tech Lab  
  55  6:24  SCV  
  56  6:27  Marine  
  56  6:30  Medivac  
  56  6:34  Marine  
  56  6:36  SCV  
  56  6:37  Marine  
  58  6:45  Marine  
  53  6:48  SCV  
  54  6:58  Marine  
  54  7:00  SCV  
  56  7:02  Marine  
  56  7:05  Starport Reactor  
  57  7:10  Barracks  
  57  7:12  Marine, Barracks, SCV  
  59  7:16  Marine  
  59  7:20  Marine  
  61  7:24  SCV  
  62  7:30  Barracks  
  62  7:31  SCV  
  62  7:33  Refinery x2  
  62  7:35  Supply Depot  
  62  7:36  Supply Depot  
Show
View Real Time Build Order
Export as new Build Order

TcUltimate Protoss - Winner!

Build Orders: 1 Gate Expand 

Get SALT Encoding   

  12  0:01  Probe (Chrono Boost)  
  13  0:12  Probe (Chrono Boost)  
  14  0:20  Pylon  
  14  0:22  Probe (Chrono Boost)  
  15  0:38  Probe (Chrono Boost)  
  15  0:42  Gateway  
  16  0:45  Assimilator  
  16  0:49  Probe (Chrono Boost)  
  17  0:59  Probe (Chrono Boost)  
  18  1:10  Probe (Chrono Boost)  
  19  1:21  Probe (Chrono Boost)  
  20  1:29  Nexus  
  20  1:31  Probe (Chrono Boost)  
  21  1:42  Probe (Chrono Boost)  
  21  1:44  Cybernetics Core  
  22  1:50  Assimilator  
  22  1:58  Pylon  
  22  2:00  Probe (Chrono Boost)  
  23  2:16  Probe (Chrono Boost)  
  26  2:22  Adept (Chrono Boost)  
  26  2:23  Warp Gate  
  26  2:29  Mothership Core  
  27  2:40  Probe  
  28  2:48  Adept (Chrono Boost)  
  28  2:50  Probe x2  
  31  2:55  Robotics Facility  
  32  3:01  Probe  
  32  3:02  Probe  
  34  3:07  Robotics Facility  
  34  3:12  Probe  
  35  3:22  Probe x2  
  37  3:28  Pylon  
  38  3:34  Probe x2 (Chrono Boost)  
  38  3:37  Gateway  
  39  3:46  Immortal (Chrono Boost)  
  43  3:57  Immortal (Chrono Boost)  
  43  4:02  Pylon  
  47  4:14  Pylon  
  47  4:21  Immortal (Chrono Boost)  
  51  4:25  Probe  
  51  4:29  Probe  
  50  4:34  Immortal (Chrono Boost)  
  53  4:49  Probe  
  49  4:58  Probe (Chrono Boost)  
  50  5:06  Stalker x2  
  51  5:08  Warp Prism (Chrono Boost)  
  51  5:10  Probe (Chrono Boost)  
  51  5:11  Probe (Chrono Boost)  
  55  5:21  Pylon, Probe (Chrono Boost)  
  56  5:22  Probe (Chrono Boost)  
  57  5:31  Probe (Chrono Boost)  
  57  5:33  Probe (Chrono Boost)  
  59  5:42  Probe (Chrono Boost)  
  60  5:43  Probe (Chrono Boost)  
  60  5:48  Stalker x2  
  63  5:56  Probe (Chrono Boost)  
  64  5:59  Probe (Chrono Boost)  
  65  6:06  Probe  
  65  6:09  Probe  
  69  6:15  Stalker  
  69  6:16  Stalker  
  71  6:19  Probe  
  71  6:21  Probe  
  73  6:31  Probe x2  
  69  6:38  Immortal (Chrono Boost)  
  72  6:52  Stalker x2, Pylon  
  76  7:00  Probe  
  76  7:01  Probe  
  77  7:04  Twilight Council  
  76  7:11  Probe  
  76  7:13  Probe  
  78  7:17  Stalker  
  78  7:18  Stalker  
  78  7:19  Nexus  
  82  7:27  Pylon  
  82  7:34  Pylon  
Tags
 
Add a new tag
Caveats
  • Supply blocks, unpowered buildings, or Contaminate may cause inaccurate times.
  • Supply counts are checked every 10 seconds.